 Dungeon Crawl Stone Soup version 0.28.0-1-gb440e238dd (webtiles) character file.

Game seed: 2752429072734739667

301 diecastcamel the Chopper (level 6, -1/53 HPs)
             Began as a Hill Orc Fighter on Feb 21, 2022.
             Killed from afar by an orc wizard (2 damage)
             ... with a puff of flame
             ... on level 4 of the Dungeon.
             The game lasted 00:13:22 (3286 turns).

diecastcamel the Chopper (Hill Orc Fighter)         Turns: 3286, Time: 00:13:23

Health: -1/53      AC: 11    Str: 21    XL:     6   Next: 37%
Magic:  6/6        EV:  5    Int:  8    God:
Gold:   191        SH:  4    Dex: 10    Spells: 5/5 levels left

rFire   . . .      SeeInvis .   a - +0 war axe
rCold   . . .      Faith    .   c - +0 buckler
rNeg    . . .      Spirit   .   o - +0 plate armour
rPois   .          Reflect  .   (no helmet)
rElec   .          Harm     .   (no cloak)
rCorr   .          Rampage  .   (no gloves)
Will    .....                   (no boots)
Stlth   ..........              (no amulet)
HPRegen 0.17/turn               (no ring)
MPRegen 0.10/turn               (no ring)

@: lethally poisoned (-1 -> -34)
A: no striking features
a: no special abilities


You were on level 4 of the Dungeon.
You visited 1 branch of the dungeon, and saw 4 of its levels.

You collected 191 gold pieces.

Inventory:

Hand Weapons
 a - a +0 war axe (weapon)
Missiles
 q - 6 poisoned darts (quivered)
Armour
 c - a +0 buckler (worn)
 o - a +0 plate armour (worn)
Wands
 p - a wand of digging (4)
Scrolls
 b - 2 scrolls of brand weapon {unknown}
 e - a scroll of vulnerability {unknown}
 g - a scroll of fear {unknown}
 l - 2 scrolls of teleportation {unknown}
 m - a scroll of enchant weapon {unknown}
Potions
 d - a potion of haste
 f - a potion of lignification {unknown}
 h - 2 potions of brilliance {unknown}
 i - 2 potions of curing {unknown}
 n - 2 potions of heal wounds {unknown}


   Skills:
 + Level 4.7 Fighting
 * Level 6.2 Axes
 + Level 4.3 Armour
 + Level 4.3 Shields


You had 5 spell levels left.
You didn't know any spells.
Your spell library contained the following spells:

 Spells                   Type           Power      Damage    Failure   Level
 Ensorcelled Hibernation  Hex/Ice        0%         N/A       100%        2
 Spider Form              Tmut/Pois      0%         N/A       100%        3
 Anguish                  Hex/Necr       0%         N/A       100%        4


Dungeon Overview and Level Annotations

Branches:
Dungeon (4/15)
 Temple: D:4-7

Altars:


Message History

A magic dart appears from out of thin air!
The magic dart hits you.
You hit something. Something hits you.
You are poisoned.
You closely miss something.
You feel very sick. Something hits you but does no damage.
You are more poisoned.
You slash something!
You feel very sick. Something hits you but does no damage.
You are more poisoned.
Something hits you but does no damage.
You miss something.
You feel very sick. Something hits you.
You are more poisoned.
You closely miss something.
You feel very sick. Something hits you.
You are lethally poisoned!
You closely miss something.
You feel extremely sick. Something hits you but does no damage.
You are more poisoned.
You hit something but do no damage.
* * * LOW HITPOINT WARNING * * *
You feel very sick. Something hits you but does no damage.
You are more poisoned.
You barely miss something.
* * * LOW HITPOINT WARNING * * *
You feel extremely sick. Something hits you.
* * * LOW HITPOINT WARNING * * *
You are more poisoned.
You hear some strange, mumbled words.
A puff of flame appears from out of thin air!
The puff of flame hits you.
You die... o

#..# #### .. #..# ##..#
... #..## ##..## ....
...# ##..## ..... #..#
##..[# ......#..#
##...## #...o# ##...##
###o{####...####
###@##.P.PPP.#
###.#...P...P.##
#...##..P...P..##
#.....#.#P.......##
#......##.PPP......#
#..........##.#....##
#............#.......#
#..........##..##.....##
#..........###..##.....#


You could see 2 orcs.

Vanquished Creatures
  A jelly (D:4)
  Jessica (D:2)
  Natasha (thrice) (D:2)
  Ijyb (D:3)
  An orc wizard (D:3)
  4 gnolls
  2 adders (D:4)
  2 dart slugs
  7 orcs
  6 endoplasms
  3 giant cockroaches
  5 goblins
  3 hobgoblins
  3 quokkas
  A ball python (D:2)
  2 bats
  11 kobolds
  4 rats
60 creatures vanquished.

Vanquished Creatures (others)
  4 toadstools (D:4)
4 creatures vanquished.

Grand Total: 64 creatures vanquished

Notes
Turn   | Place    | Note
-------+----------+-------------------------------------------
     0 | D:1      | diecastcamel the Hill Orc Fighter began the quest for the
                  | Orb.
     0 | D:1      | Reached XP level 1. HP: 19/19 MP: 1/1
    19 | D:1      | Reached skill level 3 in Axes
   223 | D:1      | Reached XP level 2. HP: 18/26 MP: 2/2
   602 | D:1      | Reached skill level 4 in Axes
   602 | D:1      | Reached XP level 3. HP: 24/33 MP: 3/3
  1016 | D:2      | Noticed Jessica
  1023 | D:2      | Killed Jessica
  1024 | D:2      | Reached XP level 4. HP: 40/40 MP: 4/4
  1343 | D:2      | Reached skill level 5 in Axes
  1655 | D:3      | Noticed Ijyb
  1671 | D:3      | Killed Ijyb
  1672 | D:3      | Reached XP level 5. HP: 30/46 MP: 5/5
  1994 | D:3      | Noticed an ogre
  2767 | D:3      | Found a faded altar of an unknown god.
  2773 | D:3      | Noticed Natasha
  2837 | D:2      | Killed Natasha
  2887 | D:2      | Noticed Natasha
  2893 | D:2      | Killed Natasha
  2894 | D:2      | Reached XP level 6. HP: 47/53 MP: 6/6
  2902 | D:2      | Noticed Natasha
  2910 | D:2      | Killed Natasha
  2911 | D:2      | Reached skill level 6 in Axes
  3286 | D:4      | HP: 1/53 [something (2)]
  3286 | D:4      | Killed from afar by an orc wizard

Illustrated notes

Levels and vault maps discovered:
D:1:      wander_arrival_fairy_ring, layout_basic, nrook_mini_backslash
D:2:      layout_rooms, uniq_jessica
D:3:      layout_rooms, shapermc_ecumenical_altar_venn, lemuel_another_geyser,
          uniq_natasha, uniq_ijyb
D:4:      layout_cave_pods, biasface_ghost_orc_armoury, minmay_gold_behind_fungi

Skill      XL: |  1  2  3  4  5  6 |
---------------+-------------------+-----
Axes           | 3 4 5 6 |  6.2
Fighting       | 4 |  4.7
Armour         | 4 |  4.3
Shields        | 4 |  4.3

Action                   |  1- 3 |  4- 6 || total
-------------------------+-------+-------++-------
Melee: War axe           |    55 |   146 ||   201
  Use: Potion            |       |     2 ||     2
Armor: Scale mail        |    15 |     5 ||    20
       Plate armour      |       |    83 ||    83
Dodge: Dodged            |    27 |    32 ||    59
Block: Buckler           |    13 |    15 ||    28
